 Dungeon Crawl Stone Soup version 0.30-a0-718-geaa24f58ff (webtiles) character file.

Game seed: 7400997943030668798

127 Irreverend the Digger (level 5, -7/28 HPs)
             Began as a Gargoyle Earth Elementalist on Jan 25, 2023.
             Mangled by a gnoll
             ... wielding a +0 halberd
              (12 damage)
             ... on level 4 of the Dungeon.
             The game lasted 00:06:29 (2998 turns).

Irreverend the Digger (Gargoyle Earth Elementalist) Turns: 2998, Time: 00:06:29

Health: -7/28      AC:  6    Str: 12    XL:     5   Next: 11%
Magic:  0/9        EV: 12    Int: 17    God:
Gold:   90         SH:  0    Dex: 10    Spells: 9/10 levels left

rFire   . . .      SeeInvis .    (no weapon)
rCold   . . .      Faith    .    (no shield)
rNeg    + . .      Spirit   .    a - +0 robe
rPois   ∞          Reflect  .    (no helmet)
rElec   +          Harm     .    o - scarf {repulsion}
rCorr   .          Rampage  .    (no gloves)
Will    .....                    (no boots)
Stlth   ++                       (no amulet)
HPRegen 0.24/turn                (no ring)
MPRegen 0.11/turn                (no ring)

@: repel missiles
A: sickness immunity, AC +4, negative energy resistance 1, electricity
resistance, torment resistance 1, petrification resistance
a: no special abilities


You were on level 4 of the Dungeon.
You visited 1 branch of the dungeon, and saw 4 of its levels.

You collected 90 gold pieces.

Inventory:

Armour
 a - a +0 robe (worn)
 o - a scarf of repulsion (worn)
Jewellery
 t - an amulet of guardian spirit
Scrolls
 c - 2 scrolls of vulnerability {unknown}
 f - a scroll of teleportation {unknown}
 h - a scroll of amnesia {unknown}
 l - 2 scrolls of identify {unknown}
 m - a scroll of immolation {unknown}
 p - a scroll of fear {unknown}
 r - a scroll of fog {unknown}
Potions
 b - a potion of magic
 d - 4 potions of haste {unknown}
 e - a potion of degeneration {unknown}
 g - a potion of heal wounds {unknown}
 i - a potion of invisibility {unknown}
 j - 2 potions of lignification {unknown}
 k - a potion of mutation {unknown}
 n - 3 potions of curing {unknown}
 q - a potion of resistance {unknown}
 s - a potion of brilliance {unknown}
 u - a potion of flight {unknown}


   Skills:
 + Level 2.3 Dodging
 - Level 2.2 Stealth
 * Level 3.2 Spellcasting
 + Level 1.7 Transmutations
 + Level 4.4 Earth Magic


You had 9 spell levels left.
You knew the following spells:

 Your Spells              Type           Power      Damage    Failure   Level
a - Sandblast             Erth           34%        2d9       2%          1

Your spell library contained the following spells:

 Spells                   Type           Power      Damage    Failure   Level
 Passwall                 Tmut/Erth      10%        N/A       8%          2
 Shock                    Conj/Air       8%         1d3       17%         1
 Summon Small Mammal      Summ           8%         N/A       17%         1
 Stone Arrow              Conj/Erth      20%        3d8       21%         3
 Petrify                  Tmut/Erth      13%        N/A       43%         4
 Call Canine Familiar     Summ           2%         N/A       45%         3
 Summon Guardian Golem    Hex/Summ       2%         N/A       45%         3
 Swiftness                Air            2%         N/A       45%         3
 Airstrike                Air            1%         2d(1-17)  86%         4


Dungeon Overview and Level Annotations

Branches:
Dungeon (4/15)
 Temple: D:4-7

Altars:


Innate Abilities, Weirdness & Mutations

You are immune to sickness and miasma.
Your stone body is resilient. (AC +4)
You are immune to poison.
You resist negative energy. (rN+)
You are resistant to electric shocks. (rElec)
You are resistant to unholy torment.
You are immune to petrification.


Message History

Aiming: Sandblast (safe; 2% risk of failure)
Press: ? - help, Shift-Dir - straight line, f - gnoll
Aim: a gnoll, wielding a +0 club (84% to hit)
The blast of sand hits the gnoll.
The gnoll is heavily wounded.
The gnoll shouts!
Casting: Sandblast (safe; 2% risk of failure)
Confirm with . or Enter, or press ? or * to list all spells.
Aiming: Sandblast (safe; 2% risk of failure)
Press: ? - help, Shift-Dir - straight line, f/p - gnoll
Aim: a gnoll, wielding a +0 club (heavily wounded, 84% to hit)
The blast of sand hits the gnoll!
You kill the gnoll!
Casting: Sandblast (safe; 2% risk of failure)
Confirm with . or Enter, or press ? or * to list all spells.
Aiming: Sandblast (safe; 2% risk of failure)
Press: ? - help, Shift-Dir - straight line, f - gnoll
Aim: a gnoll, wielding a +0 halberd (84% to hit)
The blast of sand hits the gnoll!
The gnoll is severely wounded.
Casting: Sandblast (safe; 2% risk of failure)
Confirm with . or Enter, or press ? or * to list all spells.
Aiming: Sandblast (safe; 2% risk of failure)
Press: ? - help, Shift-Dir - straight line, f/p - gnoll
Aim: a gnoll, wielding a +0 halberd (severely wounded, 84% to hit)
The blast of sand misses the gnoll.
The gnoll hits you from afar with a +0 halberd!
Casting: Sandblast (safe; 2% risk of failure)
Confirm with . or Enter, or press ? or * to list all spells.
Aiming: Sandblast (safe; 2% risk of failure)
Press: ? - help, Shift-Dir - straight line, f/p - gnoll
Aim: a gnoll, wielding a +0 halberd (severely wounded, 84% to hit)
The blast of sand hits the gnoll but does no damage.
The gnoll is severely wounded.
The gnoll hits you from afar with a +0 halberd!
* * * LOW HITPOINT WARNING * * *
The gnoll barely misses you.
There is a stone staircase leading up here.
The gnoll hits you from afar with a +0 halberd!
You die...

...# ...# ##..#
## ##....
#..##....# #..#..
#.## ##....##..#
.
#.........###...#
.......÷.@......#
...##...##.....#
. #.g## ......
#..)..)).# .....
.......)## .....
......(.# ....
......... ....
........#
.......>#


You could see a gnoll.

Vanquished Creatures
  3 gnolls (D:4)
  2 adders
  A worm (D:2)
  A dart slug (D:1)
  6 ball pythons
  4 endoplasms
  A giant cockroach (D:1)
  7 goblins
  9 hobgoblins
  9 jackals
  4 quokkas (D:1)
  4 bats
  A frilled lizard (D:3)
  7 kobolds
  5 rats
  A spectral kobold (D:3)
65 creatures vanquished.

Notes
Turn   | Place    | Note
-------+----------+-------------------------------------------
     0 | D:1      | Irreverend the Gargoyle Earth Elementalist began the quest
                  | for the Orb.
     0 | D:1      | Reached XP level 1. HP: 10/10 MP: 3/3
   226 | D:1      | Reached skill level 1 in Transmutations
   226 | D:1      | Reached XP level 2. HP: 15/15 MP: 3/5
   545 | D:1      | Reached XP level 3. HP: 17/19 MP: 1/6
   719 | D:1      | Reached skill level 4 in Earth Magic
   916 | D:1      | You fall into a shaft and drop 1 floor!
  1138 | D:2      | Reached XP level 4. HP: 7/24 MP: 1/8
  2014 | D:3      | Found a faded altar of an unknown god.
  2989 | D:4      | Reached XP level 5. HP: 28/28 MP: 5/9
  2998 | D:4      | Mangled by a gnoll

Illustrated notes

Levels and vault maps discovered:
D:1:      dpeg_arrival_lava_temple_mockup, layout_rooms, minmay_nonomino_d4
D:2:      layout_basic
D:3:      layout_loops_corners, dreamdust_ecumenical_altar_drowned_temple
D:4:      layout_cave_pools, minmay_temple_entry_trees,
          hangedman_abyss_or_decor_slice, uniq_blork_the_orc

Skill      XL: |  1  2  3  4 |
---------------+-------------+-----
Transmutations | 1 |  1.7
Earth Magic    | 4 |  4.4
Dodging        | 2 |  2.3
Spellcasting   | 3 |  3.2
Stealth        | |  2.2

Action                     |  1- 3 |  4- 6 || total
---------------------------+-------+-------++-------
  Melee: Unarmed           |     1 |       ||     1
   Cast: Sandblast         |    58 |    49 ||   107
 Armour: Robe              |    16 |     3 ||    19
  Dodge: Dodged            |    42 |     7 ||    49

Table legend: (Time is in decaauts)
 A = Elapsed time spent in this place.
 B = Non-inter-level travel time spent in this place.
 C = Inter-level travel time spent in this place.
 D = Time resting spent in this place.
 E = Time spent auto-exploring this place.
 F = Levels seen in this place.
 G = Mean time per level.
                   A        B        C        D        E       F      G
               +--------+--------+--------+--------+--------+-----+--------+
         Total |   3055 |   2978 |     77 |    401 |   2122 |   4 |  763.8 |
       Dungeon |   3055 |   2978 |     77 |    401 |   2122 |   4 |  763.8 |
               +--------+--------+--------+--------+--------+-----+--------+

Top non-repeatable levels by time:
     D:3: 1265 daAuts
     D:1: 1054 daAuts
     D:2: 660 daAuts
     D:4: 75 daAuts
